 Dungeon Crawl Stone Soup version 0.30-a0-292-g0f741e3f8e (webtiles) character file.

Game seed: 8412904895820449875

4461 chippings the Spear-Bearer (level 10, 0/71 HPs)
             Began as a Merfolk Gladiator on Oct 17, 2022.
             Was a Follower of Sif Muna.
             Shot with a sling bullet by Joseph (9 damage)
             ... on level 8 of the Dungeon.
             The game lasted 00:24:06 (8030 turns).

chippings the Spear-Bearer (Merfolk Gladiator)      Turns: 8030, Time: 00:24:07

Health: 0/71       AC: 17    Str: 13    XL:     10   Next: 37%
Magic:  12/13      EV: 14    Int: 11    God:    Sif Muna [*.....]
Gold:   1051       SH:  0    Dex: 26    Spells: 3/13 levels left

rFire   + . .      SeeInvis .    h - +3 halberd
rCold   . . .      Faith    .    (shield currently unavailable)
rNeg    . . .      Spirit   .    l - +3 leather armour
rPois   +          Reflect  .    c - +2 helmet
rElec   .          Harm     .    (no cloak)
rCorr   .          Rampage  .    E - +0 pair of gloves "Beqocion" {rF+ Slay+3}
Will    .....                    y - +2 pair of boots
Stlth   ++++......               (no amulet)
HPRegen 0.31/turn                i - ring of wizardry
MPRegen 0.13/turn                b - +6 ring of dexterity

@: ice-armoured
A: (nimble swimmer 2), mertail, agile 1, poison resistance
a: Renounce Religion, Channel Magic


You were on level 8 of the Dungeon.
You worshipped Sif Muna.
Sif Muna was aware of your devotion.
You visited 2 branches of the dungeon, and saw 9 of its levels.
You also visited: Bailey.

You collected 1051 gold pieces.

Inventory:

Hand Weapons
 h - a +3 halberd (weapon)
 q - a +0 spear of venom
Missiles
 d - 3 throwing nets (quivered)
 e - a javelin
 v - 4 datura-tipped darts
 A - 3 curare-tipped darts
 B - 4 atropa-tipped darts
Armour
 c - a +2 helmet (worn)
 g - the +1 leather armour "Pymuur" {rPois}
   (You found it on level 5 of the Dungeon)

   rPois:     It protects you from poison.
 l - a +3 leather armour (worn)
 y - a +2 pair of boots (worn)
 E - the +0 pair of gloves "Beqocion" (worn) {rF+ Slay+3}
   (You found it on level 8 of the Dungeon)

   Slay:      It affects your accuracy & damage with ranged weapons and melee
   (+3).
   rF:        It protects you from fire.
Magical Staves
 x - a staff of poison
Jewellery
 b - a +6 ring of dexterity (right hand)
 i - a ring of wizardry (left hand)
 k - a ring of ice
 t - a ring of flight
Wands
 p - a wand of charming (14)
 s - a wand of quicksilver (6)
Scrolls
 a - a scroll of identify
 j - a scroll of enchant armour
 m - 2 scrolls of enchant weapon
 n - a scroll of poison
 o - 3 scrolls of noise
 r - 2 scrolls of fog
 w - a scroll of amnesia {unknown}
 C - a scroll of blinking
Potions
 f - 3 potions of brilliance
 u - a potion of flight
 z - a potion of haste
 D - a potion of resistance


   Skills:
 - Level 4.0 Fighting
 + Level 13.1 Polearms
 - Level 2.0 Throwing
 - Level 4.0 Dodging
 - Level 6.0 Stealth
 - Level 2.0 Spellcasting
 + Level 10.0 Ice Magic


You had 3 spell levels left.
You knew the following spells:

 Your Spells              Type           Power      Damage    Failure   Level
a - Ozocubu's Armour      Ice            23%        N/A       1%          3
b - Ozocubu's Refrigerat  Ice            11%        4d10      87%         7

Your spell library contained the following spells:

 Spells                   Type           Power      Damage    Failure   Level
 Summon Small Mammal      Summ           4%         N/A       16%         1
 Call Canine Familiar     Summ           1%         N/A       38%         3
 Stone Arrow              Conj/Erth      2%         3d7       38%         3
 Summon Guardian Golem    Hex/Summ       1%         N/A       38%         3
 Animate Armour           Summ/Erth      2%         N/A       78%         4
 Yara's Violent Unravell  Hex/Tmut       0%         3d3       98%         5
 Enfeeble                 Hex            0%         N/A       100%        7
 Lehudib's Crystal Spear  Conj/Erth      0%         10d2      100%        8


Dungeon Overview and Level Annotations

Branches:
Dungeon (8/15)             Temple (1/1) D:7          Bailey (visited)
   Lair: D:8-11

Altars:
Ashenzari
Cheibriados
Dithmenos
Elyvilon
Fedhas
Gozag
Hepliaklqana
Kikubaaqudgha
Makhleb
Nemelex Xobeh
Okawaru
Qazlal
Ru
Sif Muna
Trog
Uskayaw
Vehumet
Wu Jian
Xom
Yredelemnul
Zin
The Shining One

Annotations:
D:4 2 transporters
D:5 2 transporters, sleeves's ghost, novice AtMo
D:8 Joseph


Innate Abilities, Weirdness & Mutations

((You are very nimble when in or above water. (Stealth+, EV+, Speed+++)))
Your lower body shifts to a powerful aquatic tail in water.
You are agile. (Dex +4, Str/Int -1)
Your system is resistant to poisons. (rPois)


Message History

Aim: Joseph, wielding a +0 sling and wearing a +0 leather armour (about 27% to evade your +3 halberd)
You reach to attack!
You puncture Joseph!
Joseph is lightly wounded.
Joseph shoots a sling bullet.
The sling bullet hits you!
* * * LOW HITPOINT WARNING * * *
Reach: h) +3 halberd
Press: ? - help, Dir - move target, f/p - Joseph
Aim: Joseph, wielding a +0 sling and wearing a +0 leather armour (lightly wounded, about 27% to evade your +3 halberd)
You reach to attack!
You hit Joseph.
Joseph is lightly wounded.
Joseph says, "I'm happy to see you. And I'll be happy to kill you."
Joseph shoots a sling bullet.
The sling bullet barely misses you.
Reach: h) +3 halberd
Press: ? - help, Dir - move target, f/p - Joseph
Aim: Joseph, wielding a +0 sling and wearing a +0 leather armour (lightly wounded, about 27% to evade your +3 halberd)
You reach to attack!
You barely miss Joseph.
Joseph is lightly wounded.
Unknown command.
Reach: h) +3 halberd
Press: ? - help, Dir - move target, f/p - Joseph
Aim: Joseph, wielding a +0 sling and wearing a +0 leather armour (lightly wounded, about 27% to evade your +3 halberd)
You reach to attack!
You puncture Joseph!
Joseph is heavily wounded.
Joseph shoots a sling bullet.
The sling bullet hits you!
* * * LOW HITPOINT WARNING * * *
Reach: h) +3 halberd
Press: ? - help, Dir - move target, f/p - Joseph
Aim: Joseph, wielding a +0 sling and wearing a +0 leather armour (heavily wounded, about 27% to evade your +3 halberd)
You reach to attack!
You puncture Joseph!
Joseph is severely wounded.
Joseph shoots a sling bullet.
The sling bullet hits you.
* * * LOW HITPOINT WARNING * * *
Okay, then.
Reach: h) +3 halberd
Press: ? - help, Dir - move target, f/p - Joseph
Aim: Joseph, wielding a +0 sling and wearing a +0 leather armour (severely wounded, about 27% to evade your +3 halberd)
You reach to attack!
You barely miss Joseph.
Joseph is severely wounded.
Joseph shoots a sling bullet.
The sling bullet hits you!
You die...

. .. ### #..## ..##
..(# ...## #..###
....# #oo)# ....#
#@##### ....#
#.)@..## ....#
#####..###... ....#
####........... ....#
##.....###..####
....# #..###.## #.#
....# ##.##....# ..#
....######..##..©.#
.#
.......##..##########
.
...###....###...○...#
#.


You could see Joseph and 2 orcs.

Vanquished Creatures
  Grinder (D:6)
  A steam dragon (D:7)
  7 water moccasins
  7 orc warriors
  An ice beast (D:6)
  A sky beast (D:6)
  3 black bears
  An ogre (D:5)
  3 bullfrogs
  6 kobold brigands
  6 necrophages
  3 scorpions
  A gnoll sergeant (D:5)
  3 wights (D:8)
  2 howler monkeys (D:7)
  3 orc priests
  A jelly (D:5)
  3 hounds
  6 iguanas
  7 orc wizards
  5 gnolls
  A gnoll zombie (D:8)
  5 adders
  A shadow imp (D:5)
  3 white imps
  2 ufetubi
  A dart slug (D:4)
  21 orcs
  5 bats
  6 endoplasms
  2 giant cockroaches
  9 goblins
  5 hobgoblins
  5 jackals
  5 quokkas
  7 ball pythons
  A frilled lizard (D:1)
  18 kobolds
  5 rats
173 creatures vanquished.

Vanquished Creatures (others)
  An orc wizard (D:8)
1 creature vanquished.

Grand Total: 174 creatures vanquished

Notes
Turn   | Place    | Note
-------+----------+-------------------------------------------
     0 | D:1      | chippings the Merfolk Gladiator began the quest for the
                  | Orb.
     0 | D:1      | Reached XP level 1. HP: 16/16 MP: 1/1
   114 | D:1      | Reached XP level 2. HP: 20/23 MP: 2/2
   335 | D:1      | Reached XP level 3. HP: 26/29 MP: 3/3
   743 | D:2      | Found a white marble altar of Elyvilon.
   821 | D:2      | Reached skill level 5 in Polearms
  1327 | D:1      | Reached XP level 4. HP: 35/35 MP: 3/5
  1365 | D:1      | Learned a level 3 spell: Ozocubu's Armour
  1894 | D:3      | Reached skill level 1 in Ice Magic
  1920 | D:3      | Reached skill level 1 in Spellcasting
  2514 | D:3      | Reached XP level 5. HP: 27/42 MP: 6/6
  2702 | D:3      | Reached skill level 6 in Polearms
  2702 | D:3      | Reached XP level 6. HP: 23/48 MP: 6/9
  2858 | D:4      | You fall into a shaft and drop 1 floor!
  2858 | D:5      | Entered Level 5 of the Dungeon
  2893 | D:5      | Identified the +1 leather armour "Pymuur" {rPois}
  3024 | D:5      | Found a transporter.
  3027 | D:5      | Noticed sleeves's ghost (novice AtMo)
  3060 | D:4      | Identified the +0 robe "Faffoxif" {Rampage rC+ Slay-4}
  3070 | D:4      | Found a transporter.
  3093 | D:4      | Reached skill level 1 in Stealth
  3169 | D:4      | Found a transporter.
  3221 | D:4      | Noticed a black bear
  3233 | D:4      | Killed a black bear
  3234 | D:4      | Reached XP level 7. HP: 26/54 MP: 7/10
  3814 | D:5      | Reached skill level 7 in Polearms
  4434 | D:6      | Reached skill level 8 in Polearms
  4454 | D:6      | Reached XP level 8. HP: 51/60 MP: 7/11
  4464 | D:6      | Reached skill level 5 in Stealth
  4665 | D:6      | Reached skill level 5 in Ice Magic
  4676 | D:6      | Noticed a +0 short sword
  4678 | D:6      | Noticed a +0 dagger
  4680 | D:6      | Noticed a +0 falchion
  4683 | D:6      | Noticed a +0 dagger
  4688 | D:6      | Noticed a +0 spear
  4717 | D:6      | Noticed a +0 short sword
  4718 | D:6      | Noticed a +0 spear
  4720 | D:6      | Noticed a +0 falchion
  4776 | D:6      | Found a hide-covered altar of Uskayaw.
  4796 | D:6      | Reached skill level 9 in Polearms
  5357 | D:6      | Noticed Grinder
  5370 | D:6      | Killed Grinder
  5371 | D:6      | Reached XP level 9. HP: 65/65 MP: 9/12
  5376 | D:6      | Reached skill level 10 in Polearms
  5538 | D:5      | Found a transporter.
  5978 | D:5      | Learned a level 7 spell: Ozocubu's Refrigeration
  6044 | D:7      | Found a staircase to the Ecumenical Temple.
  6071 | D:7      | Gained mutation: You are agile. (Dex +4, Str/Int -1)
                  | [potion of mutation]
  6071 | D:7      | Gained mutation: Your system is resistant to poisons.
                  | (rPois) [potion of mutation]
  6112 | Temple   | Entered the Ecumenical Temple
  6182 | Temple   | Became a worshipper of Sif Muna the Loreminder
  6305 | D:7      | Reached skill level 11 in Polearms
  6538 | D:7      | Found a flagged portal.
  6546 | Bailey   | Entered a bailey
  6781 | Bailey   | Identified the +7 dagger "Iploc" {flame, rPois Str+3}
  6876 | Bailey   | Reached * piety under Sif Muna
  6877 | Bailey   | Reached skill level 12 in Polearms
  6884 | Bailey   | Reached XP level 10. HP: 30/71 MP: 13/13
  7106 | Bailey   | Found an iron altar of Okawaru.
  7672 | D:8      | Found a transporter.
  7723 | D:8      | Found a transporter.
  7764 | D:8      | Reached skill level 13 in Polearms
  7939 | D:8      | Identified the +0 pair of gloves "Beqocion" {rF+ Slay+3}
  8004 | D:8      | Noticed Joseph
  8023 | D:8      | Reached skill level 10 in Ice Magic
  8030 | D:8      | Shot with a sling bullet by Joseph

Illustrated notes

Levels and vault maps discovered:
D:1:      psy_arrival_radial02, layout_basic, minivault_4
D:2:      layout_basic, basic_altar, chequers_hall_statues_wall_a,
          serial_park_tiny_2, hangedman_decor_growths
D:3:      layout_basic
D:4:      layout_basic, gammafunk_ghost_abyssal_escape,
          kennysheep_generic_room_5
D:5:      layout_loops_ring, gammafunk_ghost_stat_death, minmay_strange_pillars
D:6:      layout_layer_cave, nicolae_uskayaw_en_pointe, uniq_grinder
D:7:      layout_rooms, minmay_temple_entry_statues_fountains, enter_bailey_2
D:8:      gammafunk_cloud_chamber, layout_rooms, uniq_psyche, uniq_joseph,
          uniq_maggie, uniq_erica
Temple:   grunt_wide_crystal_templ

Skill      XL: |  1  2  3  4  5  6  7  8  9 10 |
---------------+-------------------------------+-----
Fighting       | 3 4 |  4.0
Polearms       | 5 6 8 9 12 13 | 13.1
Ice Magic      | 1 2 3 4 6 8 10 | 10.0
Spellcasting   | 1 2 |  2.0
Stealth        | 2 4 6 |  6.0
Throwing       | |  2.0
Dodging        | |  4.0

Action                   |  1- 3 |  4- 6 |  7- 9 | 10-12 || total
-------------------------+-------+-------+-------+-------++-------
Melee: Trident           |   120 |   203 |   502 |   105 ||   930
       Punch             |     1 |       |     8 |     1 ||    10
       Tailslap          |       |       |     1 |       ||     1
       Halberd           |       |       |       |    59 ||    59
 Cast: Ozocubu's Armour  |       |     6 |    23 |     5 ||    34
  Use: Potion            |       |     2 |     6 |     2 ||    10
       Scroll            |       |       |    10 |     5 ||    15
 Stab: Sleeping          |     3 |     1 |    10 |     2 ||    16
       Distracted        |       |     1 |       |       ||     1
Armor: Leather armour    |    25 |    46 |   158 |    46 ||   275
Dodge: Dodged            |    76 |   123 |   313 |    75 ||   587

Table legend: (Time is in decaauts)
 A = Elapsed time spent in this place.
 B = Non-inter-level travel time spent in this place.
 C = Inter-level travel time spent in this place.
 D = Time resting spent in this place.
 E = Time spent auto-exploring this place.
 F = Levels seen in this place.
 G = Mean time per level.
                   A        B        C        D        E       F      G
               +--------+--------+--------+--------+--------+-----+--------+
         Total |   7883 |   7707 |    176 |    908 |   3951 |  10 |  788.3 |
       Dungeon |   7163 |   6987 |    176 |    528 |   3951 |   8 |  895.4 |
        Temple |    171 |    171 |      0 |     82 |      0 |   1 |  171.0 |
        Bailey |    548 |    548 |      0 |    298 |      0 |   1 |  548.0 |
               +--------+--------+--------+--------+--------+-----+--------+

Top non-repeatable levels by time:
     D:4: 1191 daAuts
     D:5: 1060 daAuts
     D:1: 1051 daAuts
     D:6: 1044 daAuts
     D:2: 827 daAuts
     D:3: 822 daAuts
     D:7: 634 daAuts
  Bailey: 548 daAuts
     D:8: 531 daAuts
  Temple: 171 daAuts
